Map: [ESL] Oceanborn

Players

Classic

  • Race: Protoss Protoss
  • Spawn Location: 5:00

Clem - Winner!

  • Race: Terran Terran
  • Spawn Location: 11:00

Event: ESL SC2 Masters 2023 Winter (Finals)

VOD

Have the link to the VOD?

Description

Time

  • Played on: Dec. 15, 2023, 9:18 a.m.
  • Length: 13:49

All games in this series

Show
View Real Time Build Order
Export as new Build Order

Classic Protoss 

Build Orders: 1 Gate Expand, Oracle Opening, Phoenix Opening, Carriers, Colossus Rush 

Get SALT Encoding   

  12  0:00  Probe  
  13  0:12  Probe  
  14  0:17  Pylon  
  14  0:24  Probe  
  15  0:36  Gateway, Probe (Chrono Boost)  
  16  0:46  Assimilator, Probe (Chrono Boost)  
  17  0:51  Probe (Chrono Boost)  
  18  1:03  Probe  
  19  1:15  Probe  
  20  1:22  Cybernetics Core  
  20  1:33  Nexus  
  20  1:38  Pylon  
  20  1:41  Probe  
  20  1:46  Assimilator  
  21  1:53  Probe  
  22  1:55  Adept (Chrono Boost)  
  24  2:05  Probe  
  25  2:17  Probe  
  25  2:18  Adept  
  28  2:23  Stargate  
  28  2:28  Warp Gate  
  28  2:29  Probe  
  29  2:41  Probe  
  30  2:45  Probe  
  30  2:50  Stalker  
  33  2:53  Shield Battery  
  33  2:55  Probe  
  33  2:57  Probe  
  35  3:03  Oracle (Chrono Boost)  
  35  3:07  Probe (Chrono Boost)  
  35  3:09  Probe (Chrono Boost)  
  35  3:12  Pylon  
  41  3:21  Probe (Chrono Boost)  
  41  3:25  Probe (Chrono Boost)  
  42  3:29  Probe (Chrono Boost)  
  42  3:31  Phoenix (Chrono Boost)  
  42  3:32  Probe (Chrono Boost)  
  42  3:33  Gateway  
  46  3:35  Probe  
  47  3:42  Pylon  
  47  3:43  Probe  
  47  3:48  Assimilator  
  48  3:56  Robotics Facility, Pylon  
  48  4:01  Assimilator, Shield Battery  
  48  4:04  Probe x2  
  48  4:08  Phoenix  
  52  4:15  Pylon  
  52  4:16  Probe x2  
  54  4:20  Stalker  
  56  4:29  Probe  
  56  4:30  Probe  
  56  4:39  Pylon  
  56  4:40  Immortal (Chrono Boost)  
  56  4:41  Probe  
  56  4:42  Probe  
  56  4:44  Robotics Bay  
  62  4:50  Sentry  
  64  5:03  Stalker  
  64  5:06  Pylon  
  63  5:09  Immortal (Chrono Boost)  
  63  5:13  Pylon  
  63  5:14  Stalker  
  69  5:28  Nexus  
  69  5:30  Probe, Pylon  
  69  5:31  Probe  
  71  5:38  Colossus (Chrono Boost)  
  77  5:47  Probe x2  
  79  5:55  Sentry  
  81  5:59  Probe  
  81  6:00  Probe  
  79  6:12  Pylon, Probe  
  79  6:14  Stalker  
  79  6:23  Extended Thermal Lance  
  79  6:24  Probe x2  
  81  6:25  Phoenix  
  81  6:33  Zealot  
  81  6:36  Probe x2  
  85  6:41  Colossus (Chrono Boost)  
  85  6:45  Shield Battery  
  85  6:46  Probe  
  92  6:48  Probe x2  
  92  6:49  Zealot  
  92  6:53  Zealot  
  98  6:57  Pylon  
  98  6:58  Probe  
  94  7:06  Probe x2  
  82  7:10  Probe  
  75  7:16  Zealot x2  
  75  7:18  Probe x2  
  75  7:22  Probe (Chrono Boost)  
  82  7:24  Phoenix (Chrono Boost)  
  82  7:25  Colossus (Chrono Boost)  
  82  7:26  Assimilator  
  90  7:30  Assimilator  
  90  7:32  Pylon  
  90  7:34  Probe x3 (Chrono Boost)  
  90  7:36  Sentry  
  95  7:37  Sentry  
  95  7:43  Probe (Chrono Boost)  
  100  7:45  Probe x2 (Chrono Boost)  
  100  7:46  Phoenix (Chrono Boost)  
  100  7:49  Probe  
  103  7:54  Probe x2  
  105  8:01  Probe  
  105  8:05  Robotics Bay  
  105  8:06  Probe  
  105  8:07  Pylon x2  
  105  8:08  Pylon  
  105  8:11  Stalker  
  105  8:12  Stalker  
  110  8:14  Probe x2  
  110  8:19  Probe  
  113  8:24  Observer  
  114  8:28  Probe x2  
  114  8:31  Probe  
  114  8:33  Assimilator  
  109  8:39  Stalker x2  
  111  8:49  Observer (Chrono Boost)  
  111  8:50  Probe  
  111  8:51  Probe x2  
  111  8:55  Pylon  
  115  8:57  Pylon  
  115  8:58  Twilight Council  
  115  9:00  Forge  
  115  9:01  Colossus (Chrono Boost)  
  115  9:08  Stargate  
  121  9:10  Fleet Beacon  
  121  9:12  Pylon  
  121  9:15  Pylon  
  121  9:20  Stalker x2  
  122  9:33  Gateway  
  122  9:36  Gateway  
  122  9:39  Photon Cannon  
  122  9:42  Observer, Protoss Ground Weapons Level 1  
  122  9:44  Zealot x2, Blink, Warp Prism (Chrono Boost)  
  128  9:53  Pylon  
  128  9:58  Carrier (Chrono Boost)  
  134  10:06  Carrier (Chrono Boost)  
  139  10:14  Nexus  
  139  10:16  Observer, Pylon  
  140  10:27  Stalker x2  
  141  10:43  Carrier (Chrono Boost), Pylon  
  141  10:44  Adept x2  
  141  10:47  Carrier (Chrono Boost)  
  151  10:51  Shield Battery  
  151  10:52  Pylon  
  157  10:57  Nexus  
  157  11:00  Pylon  
  157  11:04  Probe x3  
  157  11:05  Pylon  
  160  11:12  Protoss Air Weapons Level 1  
  160  11:13  Adept x2  
  160  11:19  Shield Battery  
  160  11:21  Shield Battery  
  158  11:34  Carrier  
  160  11:40  Gateway  
  160  11:41  Gateway  
  160  11:43  Carrier  
  160  11:44  Photon Cannon, Assimilator  
  160  11:46  Assimilator  
  165  11:53  Stalker x2  
  163  11:57  Stalker  
  161  12:01  Stalker  
  161  12:02  Disruptor (Chrono Boost)  
Show
View Real Time Build Order
Export as new Build Order

Clem Terran - Winner!

Build Orders: Cyclone Opening 

Get SALT Encoding   

  12  0:00  SCV  
  13  0:12  SCV  
  14  0:16  Supply Depot  
  14  0:24  SCV  
  15  0:38  SCV  
  15  0:39  Barracks  
  16  0:42  Refinery  
  16  0:50  SCV  
  16  0:52  Refinery  
  17  1:02  SCV  
  18  1:08  Supply Depot  
  18  1:14  SCV  
  19  1:29  Orbital Command, Reaper  
  20  1:40  Factory  
  20  1:55  SCV  
  21  2:06  Barracks Reactor  
  21  2:07  SCV  
  22  2:14  Command Center  
  22  2:19  SCV  
  23  2:31  SCV  
  24  2:37  Supply Depot  
  24  2:43  SCV  
  25  2:45  Cyclone x2  
  29  2:51  Barracks, Barracks Tech Lab  
  29  2:55  SCV  
  30  3:07  SCV  
  30  3:10  Marine  
  32  3:17  Cyclone x2  
  32  3:18  Stimpack  
  36  3:21  SCV  
  37  3:29  Marine  
  37  3:33  SCV  
  39  3:37  Barracks  
  39  3:45  SCV  
  39  3:47  Marine  
  41  3:52  Orbital Command, Marine  
  41  3:53  Marine  
  43  3:58  SCV  
  43  4:01  Starport  
  44  4:05  Factory Reactor  
  44  4:06  Marine  
  45  4:10  SCV  
  45  4:12  Marine  
  45  4:14  Marine  
  48  4:17  SCV  
  48  4:21  Supply Depot  
  48  4:22  SCV  
  50  4:29  Marine  
  50  4:30  SCV  
  52  4:31  Barracks Tech Lab  
  52  4:34  SCV, Marine  
  52  4:36  Marine  
  54  4:42  SCV, Supply Depot  
  55  4:46  SCV, Medivac x2  
  55  4:48  Marine  
  55  4:50  Marine  
  62  4:53  Combat Shield  
  62  4:59  Supply Depot  
  62  5:03  Marine x2  
  62  5:04  SCV x2  
  66  5:07  Factory Reactor  
  66  5:08  Engineering Bay  
  66  5:13  Supply Depot  
  68  5:14  Marauder  
  68  5:16  SCV x2  
  68  5:19  Refinery  
  68  5:21  Marauder  
  71  5:23  Marine x2  
  71  5:28  SCV  
  74  5:29  SCV  
  74  5:30  Supply Depot  
  74  5:32  Concussive Shells  
  74  5:35  Marine  
  76  5:37  Refinery  
  76  5:39  Terran Infantry Weapons Level 1  
  76  5:41  SCV, Marine x2  
  76  5:42  SCV  
  79  5:44  Marine  
  78  5:52  Widow Mine  
  78  5:53  Marine, Widow Mine, SCV  
  81  5:57  Supply Depot  
  81  6:04  Marine x2  
  81  6:08  Medivac, Marauder  
  81  6:10  SCV  
  89  6:11  SCV  
  89  6:14  Supply Depot  
  89  6:15  Marauder  
  89  6:18  Widow Mine x2  
  92  6:22  Marine  
  92  6:23  SCV  
  92  6:24  Marine  
  94  6:27  SCV  
  94  6:29  Marauder  
  93  6:34  Medivac  
  93  6:35  SCV  
  93  6:36  Marine  
  93  6:38  Medivac  
  99  6:40  Armory  
  99  6:43  Widow Mine  
  99  6:46  Marine x2, Supply Depot  
  103  6:51  Marauder  
  107  6:54  Widow Mine  
  102  7:03  Marine  
  102  7:08  Command Center, Marine  
  84  7:11  Marine  
  84  7:12  Marauder  
  84  7:15  Widow Mine x2  
  86  7:21  Marauder  
  88  7:24  SCV  
  88  7:25  Barracks, SCV  
  88  7:29  Barracks  
  90  7:32  Marine x2  
  90  7:33  Marauder  
  90  7:36  SCV  
  95  7:38  Widow Mine x2  
  95  7:42  SCV  
  100  7:45  Viking x2  
  100  7:51  Marauder  
  104  7:53  Marine x2  
  104  7:54  SCV  
  107  7:58  Marine  
  107  8:00  SCV  
  107  8:03  Widow Mine  
  107  8:04  Widow Mine  
  111  8:06  SCV  
  111  8:08  Supply Depot  
  111  8:12  Marauder, SCV  
  115  8:17  Barracks Reactor, Barracks Tech Lab, Marauder  
  115  8:18  SCV  
  117  8:20  Marine x2  
  117  8:24  SCV  
  117  8:26  Orbital Command  
  120  8:31  Viking  
  120  8:32  SCV  
  120  8:34  Marauder  
  121  8:36  SCV  
  121  8:38  Marauder x2  
  121  8:44  Marine, SCV  
  121  8:48  Viking, SCV  
  124  8:50  Terran Infantry Armor Level 1  
  124  8:55  Marauder, SCV  
  125  8:56  Marine x3, SCV  
  125  8:59  Marauder  
  125  9:00  SCV  
  130  9:03  Ghost Academy  
  130  9:04  Refinery  
  130  9:06  Supply Depot  
  130  9:08  Viking  
  130  9:09  Engineering Bay  
  132  9:11  Marine  
  132  9:15  Refinery  
  129  9:23  Command Center  
  129  9:26  Marine x2  
  129  9:31  Viking  
  129  9:32  Ghost x2  
  129  9:35  Ghost  
  138  9:38  Viking, SCV  
  138  9:39  Supply Depot  
  138  9:44  Terran Infantry Weapons Level 2  
  138  9:45  SCV  
  137  9:47  Marine x4  
  137  9:50  Supply Depot  
  141  9:53  Widow Mine x2  
  141  9:57  Bunker  
  141  9:58  Supply Depot  
  145  10:04  Supply Depot  
  145  10:07  Viking  
  145  10:08  Ghost, Missile Turret  
  145  10:10  Missile Turret  
  145  10:12  Ghost  
  149  10:16  Viking  
  149  10:18  Supply Depot  
  155  10:23  Marine x3  
  155  10:24  Marine  
  158  10:30  Barracks  
  158  10:33  Barracks  
  158  10:35  Barracks  
  157  10:38  SCV x3  
  157  10:41  Ghost  
  157  10:42  Starport  
  158  10:44  Ghost  
  158  10:48  Marine  
  161  10:52  SCV x3  
  161  10:54  Viking  
  161  10:56  Sensor Tower  
  166  10:58  Viking  
  166  11:00  Ghost  
  166  11:04  SCV  
  170  11:05  Marine x3  
  170  11:09  Marine  
  170  11:10  Marauder, SCV  
  175  11:11  SCV  
  175  11:14  SCV  
  175  11:16  Marauder  
  178  11:22  Marine x2  
  178  11:25  Marine  
  179  11:30  Marauder  
  179  11:33  SCV  
  179  11:34  Terran Ship Weapons Level 1  
  179  11:35  Barracks Tech Lab x3  
  179  11:37  Viking, SCV  
  179  11:38  Planetary Fortress  
  182  11:41  SCV  
  182  11:42  Marine, Refinery  
  182  11:43  Refinery  
  182  11:45  SCV  
  185  11:47  Viking  
  185  11:52  Viking  
  185  11:55  Viking  
  185  11:58  Ghost  
  185  12:00  Marauder  
  184  12:05  Marine  
  184  12:06  Marauder x2  
  184  12:07  Viking  
  176  12:17  Viking  
  162  12:22  Viking  
  162  12:25  Viking, Marine x3  
  164  12:37  Viking  
Tags
 
Add a new tag
Caveats
  • Supply blocks, unpowered buildings, or Contaminate may cause inaccurate times.
  • Supply counts are checked every 10 seconds.